 Dungeon Crawl Stone Soup version 0.31.0-12-g77e489cdc1 (webtiles) character file.

Game seed: 1057609358246867189

156 Anriel the Firebug (level 4, -1/33 HPs)
             Began as a Demigod Fire Elementalist on Feb 20, 2024.
             Slain by a kobold brigand
             ... wielding a +0 club
              (7 damage)
             ... on level 3 of the Dungeon.
             The game lasted 00:10:54 (1757 turns).

Anriel the Firebug (Demigod Fire Elementalist)      Turns: 1757, Time: 00:10:56

Health: -1/33      AC:  5    Str: 13    XL:     4   Next: 91%
Magic:  6/11       EV: 12    Int: 17    God:
Gold:   129        SH:  0    Dex: 14    Spells: 3/9 levels left

rFire   . . .        (no weapon)
rCold   . . .        (no shield)
rNeg    . . .        a - +0 robe
rPois   .            k - +0 helmet
rElec   .            h - +0 cloak
rCorr   .            l - +0 pair of gloves
SInv    .            (no boots)
Will    .....        (no amulet)
Stlth   ++           (no ring)
HPRegen 0.25/turn    (no ring)
MPRegen 0.12/turn

%: no passive effects
@: about to teleport, very slightly contaminated
A: high MP 1, forlorn, divine attributes
a: no special abilities


You were on level 3 of the Dungeon.
You visited 1 branch of the dungeon, and saw 3 of its levels.

You collected 129 gold pieces.

Inventory:

Armour
 a - a +0 robe (worn)
 h - a +0 cloak (worn)
 k - a +0 helmet (worn)
 l - a +0 pair of gloves (worn)
Wands
 f - a wand of digging (9)
Scrolls
 e - a scroll of identify {unknown}
Potions
 c - a potion of enlightenment {unknown}
 g - a potion of heal wounds {unknown}
 i - a potion of might {unknown}
 j - a potion of curing {unknown}


   Skills:
 - Level 1.7 Dodging
 - Level 1.7 Stealth
 * Level 3.2 Spellcasting
 + Level 2.0 Conjurations
 * Level 3.9 Fire Magic


You had 3 spell levels left.
You knew the following spells:

 Your Spells              Type           Power      Damage    Failure   Level
a - Foxfire               Conj/Fire      52%        2x1d6     4%          1
b - Scorch                Fire           32%        2d6       4%          2
c - Volatile Blastmotes   Fire/Tloc      18%        2d11      22%         3

Your spell library contained the following spells:

 Spells                   Type           Power      Damage    Failure   Level
 Inner Flame              Hex/Fire       9%         N/A       22%         3
 Cigotuvi's Dreadful Rot  Necr/Alch/Air  4%         N/A       26%         2
 Mercury Vapours          Alch/Air       4%         N/A       26%         2
 Mephitic Cloud           Conj/Alch/Air  5%         N/A       36%         3
 Flame Wave               Conj/Fire      13%        2d6       45%         4
 Ignite Poison            Fire/Alch      9%         N/A       58%         4
 Freezing Cloud           Conj/Ice/Air   2%         6-21      98%         5


Dungeon Overview and Level Annotations

Branches:
Dungeon (3/15)


Innate Abilities, Weirdness & Mutations

You have an increased reservoir of magic. (+10% MP)
You shall have no god before yourself.
Your divine heritage dramatically boosts your attributes as you level up.


Message History

You feel very sick.
You feel sick.
The foxfire hits the kobold brigand!
The kobold brigand is burned terribly!
The kobold brigand is heavily wounded.
The foxfire hits the kobold brigand.
The kobold brigand is burned terribly!
The kobold brigand is severely wounded.
Okay, then.
Casting: Foxfire (safe; 4% risk of failure)
Confirm with . or Enter, or press ? or * to list all spells.
You miscast Scorch.
You are very lightly contaminated with residual magic.
Nothing appears to happen.
You feel sick. Magic courses through your body.
You feel sick.
The kobold brigand is no longer more vulnerable to fire.
The kobold brigand hits you with a +0 club.
Casting: Scorch (safe; 4% risk of failure)
Confirm with . or Enter, or press ? or * to list all spells.
Flames lash the kobold brigand but do no damage.
You feel sick. The kobold brigand closely misses you.
The kobold hits you with a +0 short sword.
* * * LOW HITPOINT WARNING * * *
You feel sick.
Okay, then.
As you read the scroll of teleportation, it crumbles to dust.
You feel strangely unstable.
You feel sick.
The kobold brigand completely misses you.
Casting: Scorch (safe; 4% risk of failure)
Confirm with . or Enter, or press ? or * to list all spells.
Flames lash the kobold.
You kill the kobold!
You feel sick.
You are no longer poisoned.
The kobold brigand hits you but does no damage.
Casting: Scorch (safe; 4% risk of failure)
Confirm with . or Enter, or press ? or * to list all spells.
Flames lash the kobold brigand.
The kobold brigand is moderately wounded.
The kobold brigand's fire resistance burns away.
The kobold brigand hits you with a +0 club!
You die...

........#.##.....#...
...####.#.##...# #...
.. #.#.##...###... .
#'#............
#.#.....#####..
#.#....##...##.
##.###.##÷....##
####K..####.÷.... #
+÷@KK÷.)..'÷....) #
####)÷.####...... #
##.###.# ..... #
#.###.###÷÷.###
#.##....#####..
#+#............
#..#.........##
##...........#.
#...........#.


You could see 2 kobold brigands and a kobold.

Vanquished Creatures
  A kobold brigand (D:3)
  Crazy Yiuf (D:2)
  An adder (D:2)
  2 dart slugs (D:1)
  5 ball pythons (D:1)
  3 endoplasms
  A giant cockroach (D:3)
  3 hobgoblins (D:1)
  3 jackals (D:1)
  5 kobolds
  2 quokkas (D:1)
  3 bats (D:1)
  A frilled lizard (D:1)
  6 goblins
  7 rats (D:1)
44 creatures vanquished.

Vanquished Creatures (others)
  96 foxfires
96 creatures vanquished.

Grand Total: 140 creatures vanquished

Notes
Turn   | Place    | Note
-------+----------+-------------------------------------------
     0 | D:1      | Anriel the Demigod Fire Elementalist began the quest for
                  | the Orb.
     0 | D:1      | Reached XP level 1. HP: 14/14 MP: 5/5
    68 | D:1      | Reached skill level 1 in Conjurations
   288 | D:1      | Reached XP level 2. HP: 20/20 MP: 5/7
   552 | D:1      | Learned a level 2 spell: Scorch
   875 | D:1      | Reached XP level 3. HP: 26/26 MP: 7/9
  1126 | D:2      | Learned a level 3 spell: Volatile Blastmotes
  1246 | D:2      | Found a runed translucent door.
  1247 | D:2      | Noticed Crazy Yiuf
  1253 | D:2      | Killed Crazy Yiuf
  1254 | D:2      | Reached XP level 4. HP: 17/33 MP: 3/11
  1737 | D:3      | Found the +7 Throatcutter {drain, coup de grace}
  1737 | D:3      | Noticed a kobold brigand
  1737 | D:3      | Noticed a kobold brigand
  1737 | D:3      | Noticed a kobold brigand
  1747 | D:3      | Killed a kobold brigand
  1757 | D:3      | Slain by a kobold brigand

Illustrated notes

Levels and vault maps discovered:
D:1:      lemuel_arrival_river_ford, layout_rooms,
          hellmonk_ecumenical_altar_heavens_door
D:2:      layout_rooms, basic_altar, minmay_gold_behind_fungi,
          uniq_crazy_yiuf_cottage
D:3:      minmay_skewed_foursquare, layout_basic, nicolae_sif_muna_condensation,
          mainiacjoe_overflow_concentric_impassable,
          nicolae_yredelemnul_corpse_copse, ebering_ghost_disaster_area,
          dilly_guarded_unrand_throatcut

Skill      XL: |  1  2  3  4 |
---------------+-------------+-----
Conjurations   | 1 2 |  2.0
Spellcasting   | 2 3 |  3.2
Fire Magic     | 3 |  3.9
Dodging        | |  1.7
Stealth        | |  1.7

Action                     |  1- 3 |  4- 6 || total
---------------------------+-------+-------++-------
  Melee: Unarmed           |     1 |     1 ||     2
   Cast: Foxfire           |    50 |     6 ||    56
         Scorch            |     8 |     6 ||    14
         Volatile Blastmot |       |     1 ||     1
    Use: Scroll            |     1 |     1 ||     2
         Potion            |       |     1 ||     1
 Armour: Robe              |    15 |     4 ||    19
  Dodge: Dodged            |    25 |     2 ||    27
